 Dungeon Crawl Stone Soup version 0.22-a0-126-g307c7c3 (webtiles) character file.

1158 totheark the Skirmisher (level 8, -4/97 HPs)
             Began as a Demonspawn Wanderer on Jan 31, 2018.
             Slain by a gnoll
             ... wielding a +0 halberd
              (10 damage)
             ... on level 6 of the Dungeon.
             The game lasted 00:08:21 (4152 turns).

totheark the Skirmisher (Demonspawn Wanderer)       Turns: 4152, Time: 00:08:22

Health: -4/97      AC:  5    Str: 18    XL:     8   Next: 16%
Magic:  9/9        EV: 11    Int: 16    God:
Gold:   264        SH:  0    Dex: 12    Spells: 7/7 levels left

rFire    . . .     SeeInvis .   B - -3 hand axe (curse)
rCold    + . .     Gourm    .   (no shield)
rNeg     . . .     Faith    .   h - +0 leather armour
rPois    .         Spirit   .   (helmet restricted)
rElec    .         Reflect  .   (no cloak)
rCorr    .         Harm     .   (no gloves)
MR       .....                  (no boots)
Stlth    ..........             r - amulet of regeneration
HPRegen  2.66/turn              y - ring of stealth
MPRegen  0.11/turn              D - ring of flight

@: berserking, hasted, very quick
A: antennae 1, icy blue scales 1, cold resistance 1, powered by death 2
a: Evoke Flight


You were on level 6 of the Dungeon.
You were not hungry.

You visited 1 branch of the dungeon, and saw 6 of its levels.

You collected 264 gold pieces.

Inventory:

Hand Weapons
 a - a +2 shortbow
 B - a cursed -3 hand axe (weapon)
Missiles
 b - 55 arrows
 C - a throwing net (quivered)
Armour
 e - a +0 robe
 h - a +0 leather armour (worn)
Jewellery
 r - an amulet of regeneration (around neck)
 y - a ring of stealth (left hand)
 D - a ring of flight (right hand)
Wands
 d - a wand of random effects (15)
 x - a wand of iceblast (12)
Scrolls
 j - 3 scrolls of magic mapping {unknown}
 k - a scroll of fog {unknown}
 l - 4 scrolls of remove curse {unknown}
 p - 6 scrolls of identify {unknown}
Potions
 c - 2 potions of lignification
 g - a potion of mutation {unknown}
 i - a potion of ambrosia {unknown}
 m - 4 potions of brilliance
 o - a potion of degeneration {unknown}
 q - a potion of haste
 s - 2 potions of flight {unknown}
 t - a potion of heal wounds {unknown}
 u - 3 potions of might
 w - a potion of agility {unknown}
 z - a potion of cancellation
 A - a potion of magic
Comestibles
 f - 7 rations


   Skills:
 - Level 6.7 Fighting
 + Level 5.5 Axes
 - Level 1.7 Bows
 - Level 4.5 Armour
 - Level 1.0 Stealth
 - Level 2.0 Evocations


You had 7 spell levels left.
You didn't know any spells.

Dungeon Overview and Level Annotations

Branches:
Dungeon (6/15)
 Temple: D:4-7

Altars:
Gozag
Hepliaklqana
Kikubaaqudgha
Nemelex Xobeh
Okawaru
Vehumet
Xom
The Shining One

Annotations:
D:3 varam's ghost, amateur GrFi


Innate Abilities, Weirdness & Mutations

You have a pair of small antennae on your head.
You are partially covered in icy blue scales. (AC +2)
Your flesh is cold resistant. (rC+)
You regenerate health from kills.


Message History

It was a potion of curing.
You feel better. The gnoll barely misses you.
The gnoll hits you from afar with a halberd!
* * * LOW HITPOINT WARNING * * *
You feel better. The gnoll hits you but does no damage.
The gnoll hits you from afar with a spear.
* * * LOW HITPOINT WARNING * * *
It was a potion of berserk rage.
A red film seems to cover your vision as you go berserk!
You feel yourself moving faster!
You feel mighty! The gnoll closely misses you.
Wield which item (- for none, * to show all)? (? for menu, Esc to quit)
It sticks to your hand!
B - a cursed -3 hand axe (weapon)
You feel a strong urge to attack something.
The gnoll barely misses you.
You slash the gnoll!
You kill the gnoll!
The gnoll hits you from afar with a spear.
* * * LOW HITPOINT WARNING * * *
The gnoll hits you from afar with a halberd!
You die...

###
##@#
##)##
###gg#
##...##
#...##
#...#
#...#
#...#
#..##


You could see 2 gnolls.

Vanquished Creatures
  A black bear (D:5)
  A phantom (D:4)
  An ogre (D:5)
  2 centaurs (D:5)
  2 scorpions (D:5)
  A crimson imp (D:4)
  4 hounds
  A gnoll shaman (D:6)
  2 orc priests (D:4)
  An orc wizard (D:4)
  A centaur skeleton (D:4)
  4 worker ants
  3 iguanas
  A hound skeleton (D:4)
  A worker ant zombie (D:5)
  7 gnolls
  3 adders (D:4)
  3 worms
  A dart slug (D:1)
  3 leopard geckos
  6 orcs
  2 giant cockroaches
  2 goblins (D:3)
  A hobgoblin (D:3)
  4 jackals (D:5)
  7 bats
  4 frilled lizards
  A giant cockroach zombie (D:5)
  A jackal skeleton (D:5)
  5 kobolds
  4 rats
80 creatures vanquished.

Notes
Turn   | Place    | Note
-------+----------+-------------------------------------------
     0 | D:1      | totheark the Demonspawn Wanderer began the quest for the Orb.
     0 | D:1      | totheark set off with: a +2 shortbow, 27 arrows, a potion of lignification, a wand of random effects (15), a +0 robe, a ration
     0 | D:1      | Reached XP level 1. HP: 19/19 MP: 2/2
   216 | D:1      | Gained mutation: You are partially covered in icy blue scales. (AC +2) [demonic ancestry]
   216 | D:1      | Reached XP level 2. HP: 26/26 MP: 3/3
   981 | D:2      | Found a sparkling altar of Nemelex Xobeh.
  1925 | D:3      | Gained mutation: You have a pair of small antennae on your head. [demonic ancestry]
  1925 | D:3      | Reached XP level 3. HP: 22/32 MP: 4/4
  2208 | D:3      | Noticed varam's ghost (amateur GrFi)
  2262 | D:3      | Found an ancient bone altar of Kikubaaqudgha.
  2440 | D:3      | Found a glowing golden altar of the Shining One.
  2559 | D:4      | Reached skill level 5 in Fighting
  2559 | D:4      | Reached XP level 4. HP: 35/39 MP: 5/5
  2712 | D:4      | Gained mutation: You regenerate a little health from kills. [demonic ancestry]
  2712 | D:4      | Reached XP level 5. HP: 44/44 MP: 6/6
  2733 | D:4      | Noticed a phantom
  2786 | D:4      | Killed a phantom
  2786 | D:4      | Reached skill level 6 in Fighting
  2915 | D:4      | Gained mutation: You regenerate health from kills. [demonic ancestry]
  2915 | D:4      | Reached XP level 6. HP: 52/52 MP: 7/7
  3100 | D:5      | Entered Level 5 of the Dungeon
  3101 | D:5      | Gained mutation: Your flesh is cold resistant. (rC+) [demonic ancestry]
  3101 | D:5      | Reached XP level 7. HP: 59/59 MP: 8/8
  3196 | D:5      | Reached skill level 1 in Axes
  3320 | D:5      | Found an opulent altar of Gozag.
  3610 | D:5      | Found a radiant altar of Vehumet.
  3611 | D:5      | Found a hazy altar of Hepliaklqana.
  3675 | D:5      | Found an iron altar of Okawaru.
  3676 | D:5      | Found a shimmering altar of Xom.
  3720 | D:5      | Reached XP level 8. HP: 65/65 MP: 9/9
  3882 | D:5      | Reached skill level 5 in Axes
  4148 | D:6      | HP: 2/65 [gnoll/halberd (11)]
  4152 | D:6      | Slain by a gnoll

Vault maps used:
D:1:      minmay_arrival_glassed_features
D:2:      serial_co_window_serial, co_window_paths_a, co_window_corner_a,
          co_window_paths_a, co_window_paths_a, co_window_of_opportunity_a,
          co_window_paths_b, co_window_of_opportunity_a,
          co_window_of_opportunity_a, co_window_corner_a,
          co_window_unsneaky_path_d, co_window_broadway_c, co_window_corner_cb,
          co_window_corner_cb, co_window_of_opportunity_b, co_window_2corner,
          glass_columns_a, glass_columns_c, glass_columns_a, glass_columns_c,
          nemelex_lonely_heart_becter
D:3:      tso_altar, lemuel_crystal_altar
D:5:      nicolae_overflow_hidden_temple, first_ration, grunt_gozag_breadcrumbs
D:6:      minmay_temple_entry_trees, chequers_big_river

Skill      XL: |  1  2  3  4  5  6  7  8 |
---------------+-------------------------+-----
Fighting       | 5 6 |  6.7
Armour         | 2 3 4 |  4.5
Axes           | 4 5 |  5.5
Bows           | |  1.7
Stealth        | |  1.0
Evocations     | |  2.0

Action                   |  1- 3 |  4- 6 |  7- 9 || total
-------------------------+-------+-------+-------++-------
Melee: Hand axe          |       |       |     1 ||     1
 Fire: Shortbow          |    79 |   109 |   142 ||   330
  Use: Potion            |       |       |     9 ||     9
  Eat: Chunk             |     1 |     2 |     3 ||     6
       Ration            |     1 |       |       ||     1
Armor: Leather armour    |     2 |    21 |    32 ||    55
       Skin              |       |       |     4 ||     4
Dodge: Dodged            |    14 |    34 |    81 ||   129

Table legend:
 A = Spawn XP
 B = Non-spawn XP
 C = Spawn XP percentage of total XP
 D = Spawn monster count
 E = Non-spawn monster count
 F = Spawn count percentage of total count
 G = Total turns spent on level
                    A         B        C        D         E        F      G
               +---------+---------+-------+---------+---------+-------+---------
         Total |       0 |    1655 |   0.0 |       0 |      80 |   0.0 |  4152
               +---------+---------+-------+---------+---------+-------+---------
           D:1 |       0 |      17 |   0.0 |       0 |      10 |   0.0 |   829
           D:2 |       0 |      14 |   0.0 |       0 |       6 |   0.0 |  1019
           D:3 |       0 |      27 |   0.0 |       0 |      13 |   0.0 |   701
           D:4 |       0 |     673 |   0.0 |       0 |      24 |   0.0 |   594
           D:5 |       0 |     807 |   0.0 |       0 |      22 |   0.0 |   890
           D:6 |       0 |     117 |   0.0 |       0 |       5 |   0.0 |   119
               +---------+---------+-------+---------+---------+-------+---------
